 Dungeon Crawl Stone Soup version 0.32-a0-791-gfc315c9ecd (webtiles) character file.

Game seed: 6310673372633682154

3044 ezpacito the Chopper (level 9, -6/69 HPs)
             Began as a Coglin Chaos Knight on Mar 21, 2024.
             Was a Plaything of Xom.
             Mangled by a wyvern (15 damage)
             ... on level 8 of the Dungeon.
             The game lasted 00:08:22 (6245 turns).

ezpacito the Chopper (Coglin Chaos Knight)          Turns: 6245, Time: 00:08:22

Health: -6/69      AC: 12    Str: 20    XL:     9   Next: 86%
Magic:  13/13      EV:  8    Int: 15    God:    Xom [......]
Gold:   373        SH:  0    Dex: 11    Spells: 5/13 levels left

rFire   . . .        a - +0 hand axe (chaos) {Fatehjeet}
rCold   + . .        C - +1 mace (chaos) {Centenhua}
rNeg    . . .        p - +0 chain mail
rPois   .            u - +0 helmet
rElec   .            (no cloak)
rCorr   .            F - +0 pair of gloves
SInv    .            (no boots)
Will    .....        (amulet unavailable) Stlth
                     (ring unavailable)
HPRegen 1.11/turn    (ring unavailable)
MPRegen 0.13/turn    (no gizmo)

%: clarity
@: revving
A: off-hand wielding, slow wielding, warmup strikes, no jewellery, clarity,
clever 1, cold resistance 1, regeneration 1, screaming 2, strong 1, persistent
drain
a: Invent Gizmo, Renounce Religion


You were on level 8 of the Dungeon.
You worshipped Xom.
You were a very special plaything of Xom.
You visited 1 branch of the dungeon, and saw 8 of its levels.

You collected 373 gold pieces.

Inventory:

Hand Weapons
 a - a +0 hand axe of chaos (weapon) {Fatehjeet}
 k - a +0 trident {Bozidara}
 l - a +2 heavy spear {Takurtum}
 s - a +4 hand axe
 C - a +1 mace of chaos (offhand) {Centenhua}
 G - a +4 dagger of chaos {Bunsong}
Missiles
 d - 15 poisoned darts
 g - 8 boomerangs (quivered)
 i - 5 curare-tipped darts
 y - 4 javelins
Armour
 p - a +0 chain mail (worn)
 u - a +0 helmet (worn)
 F - a +0 pair of gloves (worn)
Wands
 m - a wand of paralysis (6)
 z - a wand of mindburst (17)
 D - a wand of flame (12)
Scrolls
 b - a scroll of fear {unknown}
 e - 3 scrolls of noise {unknown}
 h - 2 scrolls of enchant armour {unknown}
 j - 2 scrolls of amnesia {unknown}
 o - a scroll of acquirement {unknown}
 r - a scroll of brand weapon {unknown}
 v - 3 scrolls of teleportation {unknown}
 x - a scroll of poison {unknown}
 A - a scroll of immolation {unknown}
 B - a scroll of fog {unknown}
Potions
 c - a potion of enlightenment
 f - 2 potions of attraction
 n - a potion of magic
 q - 2 potions of curing
 t - a potion of lignification
 w - a potion of mutation {unknown}
 E - a potion of resistance {unknown}


   Skills:
 * Level 6.1 Fighting
 * Level 6.1(6.6) Axes
 + Level 3.3(4.9) Polearms
 * Level 5.1 Armour
 * Level 4.9 Dodging
 + Level 3.0 Stealth
 + Level 2.7 Spellcasting
 + Level 2.5 Necromancy
 + Level 4.3 Evocations


You had 5 spell levels left.
You knew the following spells:

 Your Spells              Type           Power      Damage    Failure   Level
a - Kiss of Death         Conj/Necr      20%        2d7       65%         1
b - Confusing Touch       Hex            2%         N/A       99%         3
c - Dispel Undead         Necr           9%         3d8       99%         4

Your spell library contained the following spells:

 Spells                   Type           Power      Damage    Failure   Level
 Animate Dead             Necr           9%         N/A       99%         4
 Haunt                    Necr/Summ      2%         N/A       100%        7
 Infestation              Necr           4%         N/A       100%        8


Dungeon Overview and Level Annotations

Branches:
Dungeon (8/15)             Temple (0/1) D:6
   Lair: D:8-11

Altars:
Elyvilon
Okawaru
Qazlal
Ru
Vehumet
Xom

Shops:
D:7 =

Annotations:
D:7 3 runed translucent doors, ragingrage's ghost, novice VSDe


Innate Abilities, Weirdness & Mutations

You can wield a second weapon in your off-hand.
It takes a long time for you to wield or remove held weapons.
Your first few attacks do less damage.
You cannot equip rings or amulets.
You possess an exceptional clarity of mind.
Your mind is acute. (Int +4, Str/Dex -1)
Your flesh is cold resistant. (rC+)
Your natural rate of healing is unusually fast.
You frequently scream uncontrollably at your foes.
Your muscles are strong. (Str +4, Int/Dex -1)
Your health recovers twice as slowly from being drained.


Message History

You miss the water moccasin with your +0 hand axe of chaos.
A nearby plant withers and dies.
The water moccasin bites you but does no damage.
The wyvern bites you!
Something bites the plant.
The wight hits the plant with a +0 mace!
The water moccasin bites you!
The wyvern bites you but does no damage.
You take 15 damage, and have 26/69 hp.
MASSIVE DAMAGE!!
You feel better.
Something bites the plant.
The wight hits the plant with a +0 mace!
A wight comes into view. It is wielding a +3 short sword.
The water moccasin bites you.
The wyvern bites the plant!
The wyvern bites you.
You hear an angry hiss.
You take 1 damage, and have 25/69 hp.
You swap places.
Something barely misses your gnoll zombie.
The wyvern bites your gnoll zombie!
The wyvern barely misses your gnoll zombie.
Something bites your gnoll zombie!
Your gnoll zombie is destroyed!
Aiming: Mindburst
Press: ? - help, Shift-Dir - straight line, f - wyvern
Aim: a wyvern (chance to affect: 80%)
The wyvern barely resists.
You regained 2 hp, and now have 28/69 hp.
The wyvern attacks as it pursues you! The wyvern bites you.
The wyvern bites you but does no damage.
You take 1 damage, and have 27/69 hp.
The wyvern attacks as it pursues you! The wyvern barely misses you.
The wyvern bites you!
* * * LOW HITPOINT WARNING * * *
You take 8 damage, and have 20/69 hp.
The wyvern barely misses you. The wyvern attacks as it pursues you!
The wyvern bites you!
* * * LOW HITPOINT WARNING * * *
You take 14 damage, and have 8/69 hp.
MASSIVE DAMAGE!!
The wyvern attacks as it pursues you! The wyvern barely misses you.
The wyvern bites you!
You die...
Xom is highly amused!

.#. .## .P. .. ..## .. ..
#...... #. #..#P.P .
###.####.....♣ ..
#<#....#..#..♣♣PP.
######.##...#..#P.....P
####......##.###..#SPz....
#..[......@kSS.Yz.#.Ykz.z.
#.##......###.###z..#
#.######### #.# #####
#.###.....#####
#.##...⌠...##..
#.#.._..._..#.#####
#.#....#Z...#.#...#
#.#.⌠.###)♣.#.#..##
#.#...##))).#....<#


You could see a yak, 2 water moccasins, a wyvern and 2 wights.

Vanquished Creatures
  Psyche (D:8)
  A steam dragon (D:7)
  Duvessa (D:4)
  3 water moccasins
  2 orc warriors
  2 black bears
  An ice beast (D:5)
  2 ogres (D:5)
  2 centaurs (D:8)
  3 phantoms
  A gnoll sergeant (D:8)
  2 scorpions
  Dowan (D:4)
  A howler monkey (D:5)
  3 orc priests
  2 bombardier beetles (D:5)
  2 hounds (D:5)
  3 jellies
  A gnoll bouda (D:6)
  3 iguanas
  6 orc wizards
  11 gnolls
  8 adders
  2 ufetubi (D:6)
  3 dart slugs (D:2)
  2 ribbon worms
  30 orcs
  9 bats
  2 endoplasms
  2 giant cockroaches (D:2)
  6 hobgoblins
  6 jackals
  A quokka (D:4)
  9 ball pythons
  3 frilled lizards
  16 goblins
  7 kobolds
  3 rats
163 creatures vanquished.

Vanquished Creatures (collateral kills)
  An orc warrior (D:6)
  Robin (D:4)
  A gnoll (D:4)
3 creatures vanquished.

Vanquished Creatures (others)
  5 dream sheep (D:7)
  A gnoll zombie (D:8)
6 creatures vanquished.

Grand Total: 172 creatures vanquished

Notes
Turn   | Place    | Note
-------+----------+-------------------------------------------
     0 | D:1      | ezpacito the Coglin Chaos Knight began the quest for the
                  | Orb.
     0 | D:1      | Reached XP level 1. HP: 18/18 MP: 1/1
    22 | D:1      | Reached skill level 1 in Dodging
   347 | D:1      | Reached XP level 2. HP: 20/24 MP: 2/2
   610 | D:2      | Reached XP level 3. HP: 26/29 MP: 3/3
  1001 | D:2      | Found a faded altar of an unknown god.
  1001 | D:2      | XOM: 7-stop teleportation journey
  1112 | D:2      | Reached XP level 4. HP: 30/35 MP: 4/4
  1205 | D:2      | XOM: divination: detect creatures
  1432 | D:3      | Reached skill level 1 in Polearms
  1991 | D:3      | Reached XP level 5. HP: 41/41 MP: 6/6
  2374 | D:4      | Noticed Dowan
  2374 | D:4      | XOM: summons friendly white imp
  2375 | D:4      | Noticed Duvessa
  2378 | D:4      | Killed Dowan
  2379 | D:4      | Reached skill level 1 in Stealth
  2379 | D:4      | Reached skill level 1 in Spellcasting
  2381 | D:4      | XOM: fog
  2395 | D:4      | Killed Duvessa
  2396 | D:4      | Reached skill level 1 in Evocations
  2396 | D:4      | Reached XP level 6. HP: 41/48 MP: 7/7
  2607 | D:4      | Noticed a black bear
  2608 | D:4      | Noticed Robin
  2610 | D:4      | XOM: scenery: summon butterflies
  2618 | D:4      | Killed Robin
  2619 | D:4      | Killed a black bear
  2641 | D:4      | Reached XP level 7. HP: 17/54 MP: 8/8
  2746 | D:4      | XOM: god gift: 39 gold pieces
  2812 | D:4      | Learned a level 1 spell: Kiss of Death
  2816 | D:4      | Learned a level 3 spell: Confusing Touch
  2821 | D:4      | Learned a level 4 spell: Dispel Undead
  3065 | D:4      | XOM: give mutation
  3065 | D:4      | Gained mutation: Your muscles are strong. (Str +4, Int/Dex
                  | -1) [Xom's grace]
  3293 | D:5      | Entered Level 5 of the Dungeon
  3314 | D:5      | XOM: divination: detect items
  3316 | D:5      | XOM: noise
  3341 | D:5      | XOM: potion effect (curing)
  3480 | D:5      | XOM: divination: magic mapping
  3562 | D:5      | XOM: divination: detect items
  3697 | D:5      | XOM: butterfly on damage
  3702 | D:5      | Reached XP level 8. HP: 25/61 MP: 10/10
  3708 | D:5      | Reached skill level 1 in Necromancy
  4047 | D:5      | XOM: summons friendly ufetubus
  4311 | D:5      | Reached skill level 5 in Fighting
  4317 | D:5      | XOM: give mutations
  4317 | D:5      | Gained mutation: Your natural rate of healing is unusually
                  | fast. [Xom's grace]
  4317 | D:5      | Gained mutation: You possess an exceptional clarity of
                  | mind. [Xom's grace]
  4317 | D:5      | Gained mutation: You are agile. (Dex +4, Str/Int -1) [Xom's
                  | grace]
  4582 | D:6      | Found a staircase to the Ecumenical Temple.
  4587 | D:6      | Reached skill level 5 in Axes
  4611 | D:6      | XOM: 3-stop teleportation journey
  4922 | D:6      | Reached XP level 9. HP: 68/68 MP: 12/12
  5102 | D:6      | XOM: give mutations
  5102 | D:6      | Gained mutation: Your flesh is cold resistant. (rC+) [Xom's
                  | mischief]
  5102 | D:6      | Gained mutation: Your mind is acute. (Int +4, Str/Dex -1)
                  | [Xom's mischief]
  5102 | D:6      | Gained mutation: You occasionally shout uncontrollably at
                  | your foes. [Xom's mischief]
  5102 | D:6      | Gained mutation: You frequently scream uncontrollably at
                  | your foes. [Xom's mischief]
  5111 | D:6      | XOM: noise
  5304 | D:7      | XOM: confuse monster(s)
  5491 | D:7      | Found a runed translucent gate.
  5491 | D:7      | Found a runed translucent gate.
  5491 | D:7      | Found a runed translucent gate.
  5491 | D:7      | Noticed a kobold demonologist
  5493 | D:7      | Noticed ragingrage's ghost (novice VSDe)
  5517 | D:7      | XOM: summons friendly iron imp
  5523 | D:7      | XOM: smoke on damage
  5549 | D:7      | XOM: god gift: runed mace {god gift}
  5554 | D:7      | Found Bastuis's Jewellery Emporium.
  5723 | D:7      | Found a shimmering altar of Xom.
  5997 | D:7      | XOM: god gift: pair of gloves {god gift}
  6043 | D:7      | XOM: scenery: summon butterflies
  6113 | D:8      | Found a radiant altar of Vehumet.
  6113 | D:8      | XOM: give mutations
  6113 | D:8      | Lost mutation: You are agile. (Dex +4, Str/Int -1) [Xom's
                  | mischief]
  6113 | D:8      | Gained mutation: Your health recovers twice as slowly from
                  | being drained. [Xom's mischief]
  6118 | D:8      | Found an iron altar of Okawaru.
  6121 | D:8      | Found a sacrificial altar of Ru.
  6121 | D:8      | Found a white marble altar of Elyvilon.
  6140 | D:8      | XOM: noise
  6149 | D:8      | Reached skill level 5 in Armour
  6149 | D:8      | Found a stormy altar of Qazlal.
  6181 | D:8      | Noticed Psyche
  6186 | D:8      | Killed Psyche
  6245 | D:8      | Mangled by a wyvern

Illustrated notes

Levels and vault maps discovered:
D:1:      eino_arrival_druids_welcome, layout_rooms, minmay_misc_feat_plants,
          chequers_serial_rivers_large_a
D:2:      layout_loops_ring, shapermc_ecumenical_altar_pompeii,
          wad_floor_pattern_untrapped, minmay_fractal_squares_5
D:3:      layout_loops_cross
D:4:      layout_loops_ring, uniq_duvessa, uniq_robin
D:5:      layout_basic, kennysheep_windowed_goal
D:6:      layout_loops_cross, minmay_temple_entry_statues_fountains,
          small_statue_alley_b
D:7:      layout_basic, kb_xom_exploding_sheep, serial_shops,
          nicolae_shop_gaudy_bauble, gammafunk_ghost_nasty_kobolds
D:8:      layout_basic, nicolae_overflow_hallway_of_the_gods,
          minmay_lair_entry_grove, serial_shops, shop,
          hangedman_decor_clover_reticule, grunt_ministairs_6,
          minmay_small_thing, uniq_psyche

Skill      XL: |  1  2  3  4  5  6  7  8  9 |
---------------+----------------------------+-----
Dodging        | 1 2 3 4 |  4.9
Armour         | 2 3 4 5 |  5.1
Polearms       | 1 2 3 |  3.3
Stealth        | 1 2 3 |  3.0
Spellcasting   | 1 2 |  2.7
Evocations     | 1 2 3 4 |  4.3
Fighting       | 4 5 6 |  6.1
Axes           | 4 5 6 |  6.1
Necromancy     | 1 2 |  2.5

Action                     |  1- 3 |  4- 6 |  7- 9 || total
---------------------------+-------+-------+-------++-------
  Melee: Hand axe          |    65 |    97 |   205 ||   367
         Dagger            |    27 |       |       ||    27
         Trident           |    44 |   113 |   220 ||   377
         Mace              |       |       |     9 ||     9
         Spear             |       |       |     3 ||     3
  Throw: Boomerang         |       |       |     3 ||     3
  Evoke: Wand              |       |       |     3 ||     3
    Use: Potion            |       |     1 |     2 ||     3
         Scroll            |       |       |     6 ||     6
   Stab: Sleeping          |     1 |       |       ||     1
         Confused          |       |     3 |     7 ||    10
         Held in net/web   |       |     1 |       ||     1
         Distracted        |       |     1 |       ||     1
         Fleeing           |       |       |     1 ||     1
         Paralysed         |       |       |     1 ||     1
 Armour: Leather armour    |    64 |       |       ||    64
         Chain mail        |     6 |    88 |   210 ||   304
         Skin              |       |    17 |       ||    17
  Dodge: Dodged            |    39 |    34 |   106 ||   179

Table legend: (Time is in decaauts)
 A = Elapsed time spent in this place.
 B = Non-inter-level travel time spent in this place.
 C = Inter-level travel time spent in this place.
 D = Time resting spent in this place.
 E = Time spent auto-exploring this place.
 F = Levels seen in this place.
 G = Mean time per level.
                   A        B        C        D        E       F      G
               +--------+--------+--------+--------+--------+-----+--------+
         Total |   6304 |   5942 |    362 |    329 |   4611 |   8 |  788.0 |
       Dungeon |   6304 |   5942 |    362 |    329 |   4611 |   8 |  788.0 |
               +--------+--------+--------+--------+--------+-----+--------+

Top non-repeatable levels by time:
     D:5: 1317 daAuts
     D:4: 1096 daAuts
     D:2: 880 daAuts
     D:7: 828 daAuts
     D:3: 818 daAuts
     D:6: 686 daAuts
     D:1: 540 daAuts
     D:8: 134 daAuts
